 Dungeon Crawl Stone Soup version 0.28-a0-1415-g7c84da036a (webtiles) character file.

Game seed: 4926332706129469061

1 eustatius the Grave Robber (level 1, -1/10 HPs)
             Began as a Deep Elf Wanderer on Jan 8, 2022.
             Slain by an endoplasm (2 damage)
             ... on level 1 of the Dungeon.
             The game lasted 00:01:19 (58 turns).

eustatius the Grave Robber (Deep Elf Wanderer)        Turns: 58, Time: 00:01:20

Health: -1/10      AC:  2    Str:  8    XL:     1   Next: 16%
Magic:  1/5        EV: 11    Int: 18    God:
Gold:   0          SH:  0    Dex: 13    Spells: 1/3 levels left

rFire   . . .      SeeInvis .   a - +0 dagger
rCold   . . .      Faith    .   (no shield)
rNeg    . . .      Spirit   .   b - +0 robe
rPois   .          Reflect  .   (no helmet)
rElec   .          Harm     .   (no cloak)
rCorr   .          Rampage  .   (no gloves)
Will    .....                   (no boots)
Stlth   ++........              (no amulet)
HPRegen 0.03/turn               (no ring)
MPRegen 0.09/turn               (no ring)

@: no status effects
A: no striking features
a: no special abilities


You were on level 1 of the Dungeon.
You visited 1 branch of the dungeon, and saw 1 of its levels.

Inventory:

Hand Weapons
 a - a +0 dagger (weapon)
Armour
 b - a +0 robe (worn)
Wands
 c - a wand of polymorph (4) (quivered)


   Skills:
 - Level 1.0 Throwing
 + Level 1.2 Stealth
 * Level 1.5 Spellcasting
 * Level 3.7 Necromancy
 * Level 2.2 Fire Magic
 + Level 2.2 Evocations


You had one spell level left.
You knew the following spells:

 Your Spells              Type           Power      Damage    Failure   Level
a - Pain                  Necr           56%        1d6       4%          1
b - Foxfire               Conj/Fire      20%        2x1d5     12%         1

Your spell library contained the following spells:

 Spells                   Type           Power      Damage    Failure   Level
 Sublimation of Blood     Necr           14%        N/A       6%          2
 Vampiric Draining        Necr           14%        2d7       12%         3
 Ignite Poison            Fire/Tmut/Pois 4%         N/A       38%         3


Dungeon Overview and Level Annotations

Branches:
Dungeon (1/15)

Altars:


Message History

An endoplasm comes into view.
The endoplasm quivers.
The endoplasm moves out of view.
A bat and an endoplasm come into view.
Found a stone staircase leading down.
Casting: Pain (safe; 4% risk of failure)
Confirm with . or Enter, or press ? or * to list all spells.
You can't see any susceptible monsters within range! (Use Z to cast anyway.)
Found an escape hatch in the floor.
Casting: Pain (safe; 4% risk of failure)
Confirm with . or Enter, or press ? or * to list all spells.
Aiming: Pain (safe; 4% risk of failure)
Press: ? - help, Shift-Dir - straight line, f - endoplasm
Aim: an endoplasm (chance to affect: 84%)
The endoplasm barely resists.
Casting: Pain (safe; 4% risk of failure)
Confirm with . or Enter, or press ? or * to list all spells.
Aiming: Pain (safe; 4% risk of failure)
Press: ? - help, Shift-Dir - straight line, f/p - endoplasm
Aim: an endoplasm (chance to affect: 84%)
The endoplasm barely resists.
Casting: Pain (safe; 4% risk of failure)
Confirm with . or Enter, or press ? or * to list all spells.
Aiming: Pain (safe; 4% risk of failure)
Press: ? - help, Shift-Dir - straight line, f/p - endoplasm
Aim: an endoplasm (chance to affect: 84%)
The endoplasm writhes in agony.
The endoplasm freezes you.
You are frozen.
Ouch! That really hurt!
* * * LOW HITPOINT WARNING * * *
Unknown command.
Unknown command.
Casting: Pain (safe; 4% risk of failure)
Confirm with . or Enter, or press ? or * to list all spells.
Aiming: Pain (safe; 4% risk of failure)
Press: ? - help, Shift-Dir - straight line, f/p - endoplasm
Aim: an endoplasm (lightly wounded, chance to affect: 84%)
The endoplasm writhes in agony.
The endoplasm hits you.
You die...

#### ##### #..## ####....
#. #...#####.....⌠. #..
##.#.##.#.^...... ...#
#..#..#.....#.... ....#
#.#.......###....
....#####...#.#..## #..<.
........@.........###....
...#.#J..###..#.†..#....
#...### ##.##........
.......#.....##.###.....⌠.
......######.##.# ####....
...... #.. ##### ..... ###
..... >b.>


You could see an endoplasm.

Vanquished Creatures
  A bat (D:1)
1 creature vanquished.

Notes
Turn   | Place    | Note
-------+----------+-------------------------------------------
     0 | D:1      | eustatius the Deep Elf Wanderer began the quest for the
                  | Orb.
     0 | D:1      | eustatius set off with the following items: a +0 dagger, a
                  | +0 robe, a wand of polymorph (4); and the following spells
                  | available to memorise: Pain, Sublimation of Blood, Foxfire,
                  | Vampiric Draining, Ignite Poison
     0 | D:1      | Reached XP level 1. HP: 10/10 MP: 5/5
     2 | D:1      | Learned a level 1 spell: Pain
     4 | D:1      | Learned a level 1 spell: Foxfire
    58 | D:1      | Slain by an endoplasm

Illustrated notes

Levels and vault maps discovered:
D:1:      dpeg_arrival_arbitrary_c, layout_rooms, chequers_big_river

Action                   || total
-------------------------++-------
 Cast: Pain              ||     5
Armor: Robe              ||     1

Table legend: (Time is in decaauts)
 A = Elapsed time spent in this place.
 B = Non-inter-level travel time spent in this place.
 C = Inter-level travel time spent in this place.
 D = Time resting spent in this place.
 E = Time spent auto-exploring this place.
 F = Levels seen in this place.
 G = Mean time per level.
                   A        B        C        D        E       F      G
               +--------+--------+--------+--------+--------+-----+--------+
         Total |     58 |     58 |      0 |      0 |     36 |   1 |   58.0 |
       Dungeon |     58 |     58 |      0 |      0 |     36 |   1 |   58.0 |
               +--------+--------+--------+--------+--------+-----+--------+

Top non-repeatable levels by time:
     D:1: 58 daAuts
